Map: Lerilak Crest

Players

CMStormPolt (Polt)

  • Race: Terran Terran
  • League: Grandmaster

coLqxc (qxc) - Winner!

  • Race: Terran Terran
  • League: Grandmaster

VOD

https://www.youtube.com/watch?v=axa090flTCM

Description

Time

  • Played on: Feb. 12, 2016, 1:54 a.m.
  • Length: 7:24
Show
View Real Time Build Order
Export as new Build Order

CMStormPolt Terran 

Build Orders: 1/1/1, Banshee Rush 

Get SALT Encoding   

  12  0:00  SCV  
  13  0:13  SCV  
  14  0:16  Supply Depot  
  14  0:25  SCV  
  15  0:29  Refinery  
  15  0:38  SCV  
  16  0:44  Barracks  
  16  0:50  SCV  
  17  1:02  SCV  
  18  1:08  Refinery  
  18  1:14  SCV  
  19  1:32  Orbital Command, Reaper  
  20  1:40  Factory  
  20  1:48  Supply Depot  
  20  1:57  SCV  
  21  2:05  Reaper  
  22  2:09  SCV  
  23  2:21  SCV  
  24  2:24  Hellion  
  24  2:26  Starport  
  26  2:33  Supply Depot  
  26  2:34  SCV  
  27  2:38  Barracks Tech Lab  
  27  2:45  Hellion  
  27  2:46  SCV  
  30  2:58  SCV  
  31  3:07  Hellion  
  31  3:08  Supply Depot  
  31  3:09  Viking, Cloaking Field  
  35  3:15  Barracks Reactor  
  35  3:16  SCV  
  33  3:29  SCV  
  29  3:40  Hellion  
  31  3:49  SCV  
  31  3:54  Marine x2  
  34  4:01  Factory Tech Lab  
  34  4:04  Raven  
  33  4:11  Command Center, SCV  
  33  4:14  Marine x2  
  36  4:18  Supply Depot  
  36  4:23  SCV  
  37  4:32  Siege Tank  
  37  4:35  SCV  
  39  4:41  Marine x2  
  41  4:48  Banshee  
  44  4:59  SCV  
  45  5:02  Marine x2  
  45  5:06  Siege Tank  
  48  5:14  Supply Depot  
  48  5:21  Marine x2  
  48  5:22  Orbital Command  
  48  5:23  SCV  
  51  5:31  Engineering Bay  
  51  5:35  Viking  
  53  5:38  SCV  
  53  5:42  Siege Tank  
  57  5:45  Orbital Command  
  57  5:46  Marine x2  
  59  5:51  SCV  
  57  6:03  SCV  
  49  6:14  SCV  
  49  6:16  SCV  
  47  6:23  Marine x2  
  43  6:39  Banshee  
  46  6:44  SCV  
  47  6:47  Siege Tank  
Show
View Real Time Build Order
Export as new Build Order

coLqxc Terran - Winner!

Build Orders: 1/1/1 

Get SALT Encoding   

  12  0:00  SCV  
  13  0:12  SCV  
  14  0:17  Supply Depot  
  14  0:24  SCV  
  15  0:31  Refinery  
  15  0:39  SCV  
  16  0:45  Barracks  
  16  0:51  SCV  
  17  1:03  SCV  
  18  1:04  Refinery  
  18  1:15  SCV  
  21  1:32  Reaper  
  21  1:34  Orbital Command  
  20  1:40  Factory  
  20  1:47  Supply Depot  
  20  2:00  SCV  
  21  2:04  Reaper  
  22  2:12  SCV  
  22  2:24  Starport, SCV, Hellion  
  25  2:31  Supply Depot  
  25  2:36  SCV  
  25  2:37  Reaper  
  27  2:45  Hellion  
  27  2:48  SCV  
  30  3:00  Starport Tech Lab, SCV  
  31  3:08  Hellion  
  31  3:10  Supply Depot  
  33  3:12  SCV  
  34  3:20  Banshee  
  34  3:25  SCV  
  36  3:37  Hellion  
  36  3:38  Marine  
  37  3:47  SCV  
  35  3:56  Command Center  
  35  3:59  Factory Tech Lab  
  35  4:03  Cloaking Field  
  35  4:06  Barracks Reactor  
  35  4:10  Banshee  
  39  4:19  Supply Depot  
  39  4:22  Cyclone  
  41  4:27  SCV  
  42  4:39  SCV  
  42  4:43  Marine x2  
  45  4:52  SCV  
  46  4:53  Raven  
  46  4:59  Siege Tank  
  51  5:04  Marine  
  51  5:05  Marine  
  53  5:08  Supply Depot  
  53  5:13  SCV  
  54  5:20  Barracks  
  54  5:22  Marine x2  
  54  5:25  SCV  
  57  5:32  Barracks  
  57  5:38  Siege Tank  
  57  5:40  SCV  
  61  5:49  Viking  
  63  5:56  Marine x2  
  65  6:04  SCV  
  63  6:07  Marine  
  64  6:14  Marine, SCV  
  64  6:19  Marine  
  64  6:22  Siege Tank  
  64  6:24  SCV  
  66  6:25  Viking  
  66  6:31  Barracks Tech Lab, Engineering Bay  
  66  6:32  Marine x2  
  55  6:34  Orbital Command  
  54  6:42  Marine  
  55  6:49  Marine  
  55  6:50  Marine  
  56  6:56  Marine  
  56  6:59  Marine  
Tags
 
Add a new tag
Caveats
  • Supply blocks, unpowered buildings, or Contaminate may cause inaccurate times.
  • Supply counts are checked every 10 seconds.